| TOP OF THE 1ST |
|
Beloit Snappers batting - Pitching for Greenville Drive : RHP Gabe Torres
|
|
Pitching: RHP Gabe Torres
|
|
|
Batting: SHB Robert Santiago
|
0-0: Ball 1-0: Called Strike 1-1: DOUBLE (Line Drive, 7LM, EV 113.1 MPH)
|
|
Batting: LHB Angel Sanchez
|
0-0: Ball 1-0: Ball 2-0: DOUBLE (Flyball, 89XD, EV 91.2 MPH) Robert Santiago scores
|
|
Batting: RHB Tim Cordle
|
0-0: Called Strike 0-1: Swinging Strike 0-2: Foul Ball, location: 2F 0-2: Ball 1-2: DOUBLE (Groundball, 5L, EV 96.2 MPH) Angel Sanchez scores
|
|
Batting: LHB Henry Hutson
|
0-0: Ball Wild Pitch! Tim Cordle to third 1-0: Fly out, F9 (Flyball, 89S, EV 88.1 MPH)
|
|
Batting: RHB Casey Nicita
|
0-0: Ball 1-0: Ball 2-0: Ball 3-0: Base on Balls
|
|
Batting: RHB Todd Vanasco
|
0-0: 3-RUN HOME RUN (Flyball, 7D, EV 105.0 MPH), Distance : 395 ft
|
|
Batting: LHB Larry Prey
|
0-0: Ball 1-0: Foul Ball, location: 2F 1-1: Swinging Strike 1-2: Ball 2-2: Foul Ball, location: 2F 2-2: Foul Ball, location: 2F 2-2: Ground out 3-1 (Groundball, 34, EV 81.9 MPH)
|
|
Batting: RHB Larry Clark
|
0-0: Swinging Strike 0-1: SINGLE (Line Drive, 89S, EV 85.0 MPH)
|
|
Batting: RHB Hidetada Iba
|
0-0: Ball 1-0: Ball 2-0: Called Strike Larry Clark is caught stealing 2nd base 2-4
|
| Top of the 1st over - 5 runs, 5 hits, 0 errors, 0 left on base; Beloit 5 - Greenville 0 |
| BOTTOM OF THE 1ST |
|
Greenville Drive batting - Pitching for Beloit Snappers : RHP Emilio Gonzalez
|
|
Pitching: RHP Emilio Gonzalez
|
|
|
Batting: LHB Nelis Geurts
|
0-0: Ball 1-0: Swinging Strike 1-1: Called Strike 1-2: Ball 2-2: Ball 3-2: Fly out, F8 (Line Drive, 89M, EV 95.0 MPH)
|
|
Batting: SHB Carter Cromsie
|
0-0: Foul Ball, location: 2F 0-1: Ball 1-1: Foul Ball, location: 2F 1-2: Ball 2-2: Foul Ball, location: 2F 2-2: Ball 3-2: SOLO HOME RUN (Flyball, 7D, EV 103.1 MPH), Distance : 409 ft
|
|
Batting: RHB Larry Brocato
|
0-0: Ball 1-0: Ball 2-0: Called Strike 2-1: Swinging Strike 2-2: Foul Ball, location: 2F 2-2: Foul Ball, location: 2F 2-2: Ground out 4-3 (Groundball, 4, EV 83.1 MPH)
|
|
Batting: LHB John Criswell
|
0-0: Ball 1-0: Foul Ball, location: 2F 1-1: Foul Ball, location: 2F 1-2: Ground out 6-3 (Groundball, 6, EV 85.6 MPH)
|
| Bottom of the 1st over - 1 run, 1 hit, 0 errors, 0 left on base; Beloit 5 - Greenville 1 |
| TOP OF THE 2ND |
|
Beloit Snappers batting - Pitching for Greenville Drive : RHP Gabe Torres
|
|
Batting: RHB Hidetada Iba
|
0-0: Called Strike 0-1: Swinging Strike 0-2: Foul Ball, location: 2F 0-2: Ball 1-2: Foul Ball, location: 2F 1-2: Strikes out swinging
|
|
Batting: SHB Robert Santiago
|
0-0: Called Strike 0-1: Ball 1-1: Fly out, F8 (Flyball, 8RD, EV 96.9 MPH)
|
|
Batting: LHB Angel Sanchez
|
0-0: Ball 1-0: Called Strike 1-1: Ball 2-1: Swinging Strike 2-2: Strikes out swinging
|
| Top of the 2nd over - 0 runs, 0 hits, 0 errors, 0 left on base; Beloit 5 - Greenville 1 |
| BOTTOM OF THE 2ND |
|
Greenville Drive batting - Pitching for Beloit Snappers : RHP Emilio Gonzalez
|
|
Batting: RHB Mike Batko
|
0-0: Called Strike 0-1: Swinging Strike 0-2: Ball 1-2: Ball 2-2: Foul Ball, location: 2F 2-2: Ball 3-2: Foul Ball, location: 2F 3-2: Strikes out looking
|
|
Batting: SHB Greg Shaw
|
0-0: Ball 1-0: Foul Ball, location: 2F 1-1: Ball 2-1: SINGLE (Groundball, 25, EV 70.6 MPH) (infield hit)
|
|
Batting: RHB Joel Vazquez
|
0-0: Called Strike 0-1: Called Strike 0-2: Ball 1-2: Ball 2-2: Foul Ball, location: 2F 2-2: Ball 3-2: Strikes out swinging Greg Shaw is caught stealing 2nd base 2-4 Batter strikes out.
|
| Bottom of the 2nd over - 0 runs, 1 hit, 0 errors, 0 left on base; Beloit 5 - Greenville 1 |
| TOP OF THE 3RD |
|
Beloit Snappers batting - Pitching for Greenville Drive : RHP Gabe Torres
|
|
Batting: RHB Tim Cordle
|
0-0: Foul Ball, location: 2F 0-1: Ball 1-1: Ground out 4-3 (Groundball, 4MD, EV 88.8 MPH)
|
|
Batting: LHB Henry Hutson
|
0-0: Ball 1-0: Foul Ball, location: 2F 1-1: Swinging Strike 1-2: Ball 2-2: Foul Ball, location: 2F 2-2: Ball 3-2: Base on Balls
|
|
Batting: RHB Casey Nicita
|
0-0: Ball 1-0: Foul Ball, location: 2F 1-1: Ball 2-1: Called Strike 2-2: Fly out, F9 (Flyball, 9, EV 85.0 MPH)
|
|
Batting: RHB Todd Vanasco
|
0-0: Foul Ball, location: 2F 0-1: Ball 1-1: Foul Ball, location: 2F 1-2: Ball 2-2: Ball 3-2: Foul Ball, location: 2F 3-2: TRIPLE (Line Drive, 89XD, EV 110.0 MPH) Henry Hutson scores
|
|
Pitching: RHP Wing-chiu Ya
|
|
|
Batting: LHB Larry Prey
|
0-0: Foul Ball, location: 2F 0-1: Ball 1-1: 2-RUN HOME RUN (Flyball, 89XD, EV 115.0 MPH), Distance : 435 ft
|
|
Batting: RHB Larry Clark
|
0-0: Called Strike 0-1: Ground out 1-3 (Groundball, 15, EV 64.4 MPH)
|
| Top of the 3rd over - 3 runs, 2 hits, 0 errors, 0 left on base; Beloit 8 - Greenville 1 |
| BOTTOM OF THE 3RD |
|
Greenville Drive batting - Pitching for Beloit Snappers : RHP Emilio Gonzalez
|
|
Batting: RHB Joe Sandoval
|
0-0: Called Strike 0-1: Ball 1-1: Called Strike 1-2: Strikes out swinging
|
|
Batting: RHB Nick Spiller
|
0-0: Called Strike 0-1: Ball 1-1: Ball 2-1: Ball 3-1: Base on Balls
|
|
Batting: LHB Nelis Geurts
|
0-0: Foul Ball, location: 2F 0-1: Ball Nick Spiller steals 2nd base 1-1: Ground out 4-3 (Groundball, 4, EV 101.9 MPH) Nick Spiller to third
|
|
Batting: SHB Carter Cromsie
|
0-0: Ball 1-0: Called Strike 1-1: Ball 2-1: Ground out 5-3 (Groundball, 56S, EV 77.5 MPH)
|
| Bottom of the 3rd over - 0 runs, 0 hits, 0 errors, 1 left on base; Beloit 8 - Greenville 1 |
| TOP OF THE 4TH |
|
Beloit Snappers batting - Pitching for Greenville Drive : RHP Wing-chiu Ya
|
|
Batting: RHB Hidetada Iba
|
0-0: Ball 1-0: Swinging Strike 1-1: Foul Ball, location: 2F 1-2: Strikes out swinging
|
|
Batting: SHB Robert Santiago
|
0-0: Ball 1-0: Foul Ball, location: 2F 1-1: Ball 2-1: Ball 3-1: Ground out 6-3 (Groundball, P, EV 92.5 MPH)
|
|
Batting: LHB Angel Sanchez
|
0-0: Ground out 4-3 (Groundball, 4D, EV 101.9 MPH)
|
| Top of the 4th over - 0 runs, 0 hits, 0 errors, 0 left on base; Beloit 8 - Greenville 1 |
| BOTTOM OF THE 4TH |
|
Greenville Drive batting - Pitching for Beloit Snappers : RHP Emilio Gonzalez
|
|
Batting: RHB Larry Brocato
|
0-0: Ball 1-0: Swinging Strike 1-1: Foul Ball, location: 2F 1-2: Ball 2-2: Ground out 5-3 (Groundball, 56S, EV 66.2 MPH)
|
|
Batting: LHB John Criswell
|
0-0: Foul Ball, location: 2F 0-1: Called Strike 0-2: Ground out 5-3 (Groundball, 56D, EV 96.2 MPH)
|
|
Batting: RHB Mike Batko
|
0-0: Foul Ball, location: 2F 0-1: Ball 1-1: Foul Ball, location: 2F 1-2: Ground out U3 (Groundball, 34S, EV 88.8 MPH)
|
| Bottom of the 4th over - 0 runs, 0 hits, 0 errors, 0 left on base; Beloit 8 - Greenville 1 |
| TOP OF THE 5TH |
|
Beloit Snappers batting - Pitching for Greenville Drive : RHP Wing-chiu Ya
|
|
Batting: RHB Tim Cordle
|
0-0: Called Strike 0-1: Ground out 5-3 (Groundball, 56S, EV 70.0 MPH)
|
|
Batting: LHB Henry Hutson
|
0-0: Called Strike 0-1: Ball 1-1: Ground out 3-1 (Groundball, 34S, EV 68.1 MPH)
|
|
Batting: RHB Casey Nicita
|
0-0: Ball 1-0: Foul Ball, location: 2F 1-1: Ball 2-1: Fly out, F4 (Popup, 4, EV 70.0 MPH)
|
| Top of the 5th over - 0 runs, 0 hits, 0 errors, 0 left on base; Beloit 8 - Greenville 1 |
| BOTTOM OF THE 5TH |
|
Greenville Drive batting - Pitching for Beloit Snappers : RHP Emilio Gonzalez
|
|
Batting: SHB Greg Shaw
|
0-0: Ball 1-0: Swinging Strike 1-1: Called Strike 1-2: Ground out 4-3 (Groundball, 4, EV 89.4 MPH)
|
|
Batting: RHB Joel Vazquez
|
0-0: Ball 1-0: Foul Ball, location: 2F 1-1: Ball 2-1: Foul Ball, location: 2F 2-2: Ball 3-2: Strikes out swinging
|
|
Batting: RHB Joe Sandoval
|
0-0: Called Strike 0-1: Foul Ball, location: 2F 0-2: Foul Ball, location: 2F 0-2: Foul Ball, location: 2F 0-2: Strikes out swinging
|
| Bottom of the 5th over - 0 runs, 0 hits, 0 errors, 0 left on base; Beloit 8 - Greenville 1 |
| TOP OF THE 6TH |
|
Beloit Snappers batting - Pitching for Greenville Drive : RHP Wing-chiu Ya
|
|
Batting: RHB Todd Vanasco
|
0-0: Foul Ball, location: 2F 0-1: Ground out 6-3 (Groundball, 6, EV 105.6 MPH)
|
|
Batting: LHB Larry Prey
|
0-0: Called Strike 0-1: Ground out 6-3 (Groundball, P, EV 78.1 MPH)
|
|
Batting: RHB Larry Clark
|
0-0: Ball 1-0: Called Strike 1-1: Swinging Strike 1-2: Strikes out swinging
|
| Top of the 6th over - 0 runs, 0 hits, 0 errors, 0 left on base; Beloit 8 - Greenville 1 |
| BOTTOM OF THE 6TH |
|
Greenville Drive batting - Pitching for Beloit Snappers : RHP Emilio Gonzalez
|
|
Batting: RHB Nick Spiller
|
0-0: Called Strike 0-1: Ball 1-1: Ball 2-1: Ground out 5-3 (Groundball, 56S, EV 93.1 MPH)
|
|
Batting: LHB Nelis Geurts
|
0-0: Fly out, F7 (Flyball, 78M, EV 83.1 MPH)
|
|
Batting: SHB Carter Cromsie
|
0-0: Ball 1-0: Ball 2-0: SINGLE (Flyball, 8LS, EV 89.4 MPH)
|
|
Batting: RHB Larry Brocato
|
0-0: Ball Carter Cromsie steals 2nd base (no throw) 1-0: Swinging Strike 1-1: Ball 2-1: Ball 3-1: Foul Ball, location: 2F 3-2: Base on Balls
|
|
Pitching: RHP Ari Kuusinen
|
|
|
Batting: LHB John Criswell
|
0-0: Foul Ball, location: 2F 0-1: Swinging Strike 0-2: Ball Passed Ball! Carter Cromsie to third Larry Brocato to second 1-2: Strikes out looking
|
| Bottom of the 6th over - 0 runs, 1 hit, 0 errors, 2 left on base; Beloit 8 - Greenville 1 |
| TOP OF THE 7TH |
|
Beloit Snappers batting - Pitching for Greenville Drive : RHP Wing-chiu Ya
|
|
Pitching: RHP Roberto Morales
|
|
|
Batting: RHB Hidetada Iba
|
0-0: Ball 1-0: Ball 2-0: Called Strike 2-1: Swinging Strike 2-2: Ball 3-2: Foul Ball, location: 2F 3-2: Ground out 5-3 (Groundball, 5, EV 105.0 MPH)
|
|
Batting: SHB Robert Santiago
|
0-0: Called Strike 0-1: Ball 1-1: Ball 2-1: Ball 3-1: Base on Balls
|
|
Pinch Hitting: RHB Josh Whaley
|
0-0: Called Strike Robert Santiago steals 2nd base (no throw) 0-1: Foul Ball, location: 2F 0-2: Strikes out swinging
|
|
Batting: RHB Tim Cordle
|
0-0: Foul Ball, location: 2F 0-1: Foul Ball, location: 2F 0-2: SINGLE (Line Drive, 4D, EV 97.5 MPH) Robert Santiago to third Runner from 3rd tries for Home, throw by CF and OUT! 8-2
|
| Top of the 7th over - 0 runs, 1 hit, 0 errors, 1 left on base; Beloit 8 - Greenville 1 |
| BOTTOM OF THE 7TH |
|
Greenville Drive batting - Pitching for Beloit Snappers : RHP Ari Kuusinen
|
|
Now in RF: Josh Whaley
|
|
|
Batting: RHB Mike Batko
|
0-0: Ball 1-0: Ball 2-0: Ball 3-0: Called Strike 3-1: Foul Ball, location: 2F 3-2: DOUBLE (Flyball, 89XD, EV 111.9 MPH)
|
|
Batting: SHB Greg Shaw
|
0-0: Ball 1-0: Foul Ball, location: 2F 1-1: Ball 2-1: Called Strike 2-2: Strikes out swinging
|
|
Batting: RHB Joel Vazquez
|
0-0: Ball 1-0: Ball 2-0: Ball 3-0: Called Strike 3-1: Swinging Strike 3-2: Foul Ball, location: 2F 3-2: Ground out 4-3 (Groundball, 4, EV 85.0 MPH) Mike Batko to third
|
|
Batting: RHB Joe Sandoval
|
0-0: Swinging Strike 0-1: Called Strike 0-2: Ball 1-2: Ball 2-2: Ball 3-2: Strikes out looking
|
| Bottom of the 7th over - 0 runs, 1 hit, 0 errors, 1 left on base; Beloit 8 - Greenville 1 |
| TOP OF THE 8TH |
|
Beloit Snappers batting - Pitching for Greenville Drive : RHP Roberto Morales
|
|
Batting: LHB Henry Hutson
|
0-0: Swinging Strike 0-1: Ground out U3 (Groundball, 3L, EV 89.4 MPH)
|
|
Batting: RHB Casey Nicita
|
0-0: Called Strike 0-1: Called Strike 0-2: Hit by Pitch
|
|
Batting: RHB Todd Vanasco
|
0-0: Ball 1-0: Swinging Strike 1-1: Ball 2-1: Ball 3-1: Base on Balls Casey Nicita to second
|
|
Batting: LHB Larry Prey
|
0-0: Ball 1-0: Fielders Choice at 2nd, 4-6 (Groundball, 4, EV 104.4 MPH) Casey Nicita to third
|
|
Batting: RHB Larry Clark
|
0-0: Called Strike 0-1: Ball 1-1: SINGLE (Groundball, 25, EV 65.0 MPH) (infield hit) Casey Nicita scores Larry Prey to second
|
|
Batting: RHB Hidetada Iba
|
Balk! Larry Prey to third Larry Clark to second 0-0: Foul Ball, location: 2F 0-1: Foul Ball, location: 2F 0-2: Ball 1-2: Strikes out swinging
|
| Top of the 8th over - 1 run, 1 hit, 0 errors, 2 left on base; Beloit 9 - Greenville 1 |
| BOTTOM OF THE 8TH |
|
Greenville Drive batting - Pitching for Beloit Snappers : RHP Ari Kuusinen
|
|
Batting: RHB Nick Spiller
|
0-0: Swinging Strike 0-1: Ball 1-1: Ground out 5-3 (Groundball, 5, EV 110.0 MPH)
|
|
Batting: LHB Nelis Geurts
|
0-0: Called Strike 0-1: Called Strike 0-2: Ball 1-2: Foul Ball, location: 2F 1-2: Ball 2-2: Ball 3-2: Foul Ball, location: 2F 3-2: Base on Balls
|
|
Pitching: RHP Danny Levinger
|
|
|
Batting: SHB Carter Cromsie
|
0-0: Ball 1-0: Ball 2-0: Fly out, F7 (Flyball, 7S, EV 89.4 MPH)
|
|
Batting: RHB Larry Brocato
|
0-0: Ball 1-0: Foul Ball, location: 2F 1-1: Ground out 1-3 (Groundball, 15S, EV 70.0 MPH)
|
| Bottom of the 8th over - 0 runs, 0 hits, 0 errors, 1 left on base; Beloit 9 - Greenville 1 |
| TOP OF THE 9TH |
|
Beloit Snappers batting - Pitching for Greenville Drive : RHP Roberto Morales
|
|
Pitching: RHP Eddie Mosley
|
|
|
Batting: SHB Robert Santiago
|
0-0: Called Strike 0-1: Foul Ball, location: 2F 0-2: Ball 1-2: Ball 2-2: Strikes out swinging
|
|
Batting: RHB Josh Whaley
|
0-0: Ball 1-0: Ball 2-0: Called Strike 2-1: Ball 3-1: Base on Balls
|
|
Batting: RHB Tim Cordle
|
0-0: Called Strike 0-1: Fly out, F8 (Flyball, 78D, EV 106.2 MPH)
|
|
Batting: LHB Henry Hutson
|
0-0: Called Strike 0-1: Ball 1-1: Ball 2-1: Called Strike 2-2: Strikes out swinging
|
| Top of the 9th over - 0 runs, 0 hits, 0 errors, 1 left on base; Beloit 9 - Greenville 1 |
| BOTTOM OF THE 9TH |
|
Greenville Drive batting - Pitching for Beloit Snappers : RHP Danny Levinger
|
|
Batting: LHB John Criswell
|
0-0: SINGLE (Groundball, 6MD, EV 100.6 MPH)
|
|
Batting: RHB Mike Batko
|
0-0: Ball 1-0: Ball 2-0: Fly out, F5 (Popup, 5S, EV 84.4 MPH)
|
|
Batting: SHB Greg Shaw
|
0-0: Ball 1-0: Ball 2-0: Swinging Strike 2-1: Fielders Choice at 2nd, 6-4 (Groundball, 6S, EV 95.0 MPH)
|
|
Batting: RHB Joel Vazquez
|
0-0: DOUBLE (Groundball, 5L, EV 101.9 MPH) Greg Shaw to third
|
|
Batting: RHB Joe Sandoval
|
0-0: Swinging Strike 0-1: Called Strike 0-2: Foul Ball, location: 2F 0-2: Foul Ball, location: 2F 0-2: Strikes out looking
|
| Bottom of the 9th over - 0 runs, 2 hits, 0 errors, 2 left on base; Beloit 9 - Greenville 1 |
|